 Dungeon Crawl Stone Soup version 0.17-a0-719-g32c6a46 (webtiles) character file.

16 TechCat the Caller (level 2, 0/12 HPs)
             Began as a Felid Summoner on Apr 20, 2015.
             Slain by a bat (1 damage)
             ... on level 1 of the Dungeon.
             The game lasted 00:04:41 (932 turns).

TechCat the Caller (Felid Summoner)                  Turns: 932, Time: 00:04:41

Health: 0/12       AC:  1    Str:  4    XL:     2   Next: 41%
Magic:  6/6        EV: 18    Int: 16    God:
Gold:   57         SH:  0    Dex: 16    Spells: 1 memorised, 4 levels left
                                        Lives:  0   Deaths: 0

rFire  . . .     SeeInvis +     (weapon unavailable)
rCold  . . .     Clarity  .     (armour unavailable)
rNeg   . . .     SustAb   .     (shield unavailable)
rPois  .         Gourm    .     (helmet unavailable)
rElec  .         Spirit   .     (cloak unavailable)
rCorr  .         Warding  .     (gloves unavailable)
rMut   .         Stasis   .     (boots unavailable)
MR     .....                    (no amulet)
Stlth  +++.......               (no ring)
                                (no ring)

@: drained, quick, not resistant to hostile enchantments, fairly stealthy
A: no armour, no weapons or thrown items, claws 1, fangs 3, see invisible,
carnivore 3, speed 1, shaggy fur 1, slow metabolism 1, sharp paws
a: no special abilities


You were on level 1 of the Dungeon.
You were full.

You visited 1 branch of the dungeon, and saw 1 of its levels.

You collected 57 gold pieces.

Inventory:

Potions
 a - a potion of cure mutation {unknown}
 d - a potion of heal wounds {unknown}
Books
 b - a book of Callings

   Spells                             Type                      Level
   a - Summon Small Mammal            Summoning                    1
   b - Call Imp                       Summoning                    2
   c - Call Canine Familiar           Summoning                    3
   d - Summon Guardian Golem          Hexes/Summoning              3
   e - Summon Lightning Spire         Summoning/Air                4
   f - Summon Ice Beast               Ice/Summoning                4
Comestibles
 c - 2 meat rations
 f - a chunk of flesh


   Skills:
 + Level 1.0(0.9) Fighting
 + Level 2.8(2.7) Dodging
 + Level 2.6 Stealth
 + Level 2.2 Spellcasting
 + Level 4.2 Summonings


You had 4 spell levels left.
You knew the following spells:

 Your Spells              Type           Power        Failure   Level  Hunger
a - Summon Small Mammal   Summ           ###.         4%          1    #......


Dungeon Overview and Level Annotations

Branches:
Dungeon (1/15)

Altars:


Innate Abilities, Weirdness & Mutations

You cannot wear armour.
You are incapable of wielding weapons or throwing items.
You have sharp claws.
You have razor-sharp teeth.
You have supernaturally acute eyesight.
You are carnivorous and can eat meat at any time.
You cover ground quickly.
You are covered in fur (AC +1).
You have a slow metabolism.
Your sharp claws are effective at attacking unaware monsters.


Message History

Your bat barely misses the bat.
The bat hits you but does no damage.
The bat hits your bat but does no damage.
Your bat hits the bat but does no damage.
The bat hits you.
* * * LOW HITPOINT WARNING * * *
You closely miss the bat.
The bat is moderately wounded.
The bat hits you but does no damage. The bat misses you.
You scratch the bat.
The bat begins to bleed from its wounds!
Your bite misses the bat.
The bat is heavily wounded.
Your bat hits the bat but does no damage.
The bat misses you.
Your bat closely misses the bat.
The bat misses you.
Your bat barely misses the bat.
A kobold comes into view. It is wielding a whip.
You closely miss the bat.
The bat is heavily wounded.
The bat hits you.
You die...

#...####.#.#####....
#.#.......## ##...
#.#..l....# #...
#.###.....# #...
####.........# #...
#......###...#######...
#.............#........
#......###....#........
#.....@...l...#........
#...[.bb##....K........
#......###....#.......#
#......# #....#.......#
######## ####g#####...#
#..# #.... ##.# #....
##.## #.... #≈≈≈# #....


You could see a giant gecko, a bat (bleeding), a kobold and a friendly bat.

Vanquished Creatures
  A giant gecko (D:1)
  A goblin (D:1)
  2 hobgoblins (D:1)
  3 kobolds (D:1)
  3 bats (D:1)
  2 giant newts (D:1)
  2 rats (D:1)
14 creatures vanquished.

Vanquished Creatures (collateral kills)
  A giant cockroach (D:1)
1 creature vanquished.

Vanquished Creatures (others)
  A bat (D:1)
1 creature vanquished.

Grand Total: 16 creatures vanquished

Notes
Turn   | Place    | Note
--------------------------------------------------------------
     0 | D:1      | TechCat, the Felid Summoner, began the quest for the Orb.
     0 | D:1      | Reached XP level 1. HP: 7/7 MP: 4/4
   384 | D:1      | Reached XP level 2. HP: 7/12 MP: 6/6
   612 | D:1      | Reached skill level 1 in Fighting
   932 | D:1      | Slain by a bat

Action                   || total
-------------------------++-------
Melee: Unarmed           ||    59
 Cast: Summon Small Mamm ||     4
 Stab: Sleeping          ||     4
  Eat: Chunk             ||     3
